 Dungeon Crawl Stone Soup version 0.26-a0-831-g7192265339 (webtiles) character file.

Game seed: 3992016761715534366

21 strifetoe the Chopper (level 2, -7/19 HPs)
             Began as a Gargoyle Monk on Nov 15, 2020.
             Was a Believer of Elyvilon.
             Mangled by an iguana (11 damage)
             ... on level 2 of the Dungeon.
             The game lasted 00:00:48 (999 turns).

strifetoe the Chopper (Gargoyle Monk)                Turns: 999, Time: 00:00:48

Health: -7/19      AC:  4    Str: 14    XL:     2   Next: 87%
Magic:  0/2        EV: 12    Int: 10    God:    Elyvilon [**....]
Gold:   68         SH:  0    Dex: 12    Spells: 1/1 levels left

rFire    . . .     SeeInvis .   a - +0 hand axe
rCold    . . .     Faith    .   (no shield)
rNeg     + . .     Spirit   .   b - +0 robe
rPois    ∞         Reflect  .   (no helmet)
rElec    +         Harm     .   (no cloak)
rCorr    .         Rampage  .   (no gloves)
MR       .....                  (no boots)
Stlth    ++........             (no amulet)
HPRegen  0.06/turn              (no ring)
MPRegen  0.08/turn              (no ring)

@: no status effects
A: negative energy resistance 1, electricity resistance, unbreathing,
petrification resistance, rot immunity, AC +2
a: Lesser Healing, Heal Other, Divine Protection, Renounce Religion


You were on level 2 of the Dungeon.
You worshipped Elyvilon.
Elyvilon was pleased with you.
You visited 1 branch of the dungeon, and saw 2 of its levels.

You collected 68 gold pieces.

Inventory:

Hand Weapons
 a - a +0 hand axe (weapon)
Armour
 b - a +0 robe (worn)
Scrolls
 e - 2 scrolls of enchant armour {unknown}
 f - 3 scrolls of teleportation {unknown}
 i - a scroll of identify {unknown}
 j - a scroll of magic mapping {unknown}
Potions
 c - a potion of flight {unknown}
 d - a potion of curing {unknown}
 g - a potion of cancellation {unknown}
 h - a potion of mutation {unknown}
 k - a potion of lignification {unknown}


   Skills:
 - Level 3.2 Fighting
 + Level 3.6 Axes
 - Level 2.4 Dodging
 - Level 2.1 Stealth


You had one spell level left.
You didn't know any spells.
Your spell library was empty.

Dungeon Overview and Level Annotations

Branches:
Dungeon (2/15)

Altars:
Elyvilon


Innate Abilities, Weirdness & Mutations

You are resistant to torment.
Your stone body is resilient. (AC +2)
You are immune to poison.
You resist negative energy. (rN+)
You are resistant to electric shocks. (rElec)
You can survive without breathing.
You are immune to petrification.
You are immune to rotting.


Message History

Okay, then.
You are healed.
The iguana barely misses you.
You are healed.
The iguana closely misses you.
You closely miss the iguana.
The iguana is heavily wounded.
The iguana misses you.
You hit the iguana.
The iguana is severely wounded.
The iguana barely misses you.
You barely miss the iguana.
The iguana is severely wounded.
The iguana bites you!
Ouch! That really hurt!
* * * LOW HITPOINT WARNING * * *
Unknown command.
You hit the iguana.
The iguana is almost dead.
The iguana bites you!
Ouch! That really hurt!
You die...

##.## .. #.Y.# ## #.
.8.#.#####. .. ...#.......
########. #.##.###...
......... #.# #..<..
........##### ##.## #####.
........#...###...###...#.
.......gl@8....._.....8...
........#...###...###...#.
........##### ##.## #####.
......... #.# ## .........
#.# #######.## ... #.# $8.
#.# #...#


You could see an iguana and a hobgoblin.

Vanquished Creatures
  A dart slug (D:1)
  2 bats (D:1)
  A giant cockroach (D:1)
  4 goblins (D:1)
  3 jackals (D:1)
  A kobold (D:1)
  A frilled lizard (D:1)
  5 rats (D:1)
18 creatures vanquished.

Notes
Turn   | Place    | Note
-------+----------+-------------------------------------------
     0 | D:1      | strifetoe the Gargoyle Monk began the quest for the Orb.
     0 | D:1      | Reached XP level 1. HP: 14/14 MP: 1/1
   284 | D:1      | Reached XP level 2. HP: 19/19 MP: 2/2
   965 | D:2      | Found a white marble altar of Elyvilon.
   971 | D:2      | Noticed an ice beast
   980 | D:2      | Became a worshipper of Elyvilon the Healer
   980 | D:2      | Reached * piety under Elyvilon
   980 | D:2      | Reached ** piety under Elyvilon
   999 | D:2      | Mangled by an iguana

Illustrated notes

Levels and vault maps discovered:
D:1:      noname_arrival_rooms_in_the_neighbourhood, layout_basic,
          minmay_heptomino_l4
D:2:      layout_basic, general_overflow_altar, elyvilon_altar_1,
          roderic_roman_lattice

Skill      XL: |  1 |
---------------+----+-----
Axes           | 3 |  3.6
Fighting       | |  3.2
Dodging        | |  2.4
Stealth        | |  2.1

Action                   || total
-------------------------++-------
Melee: Hand axe          ||    57
Invok: Lesser Healing    ||     2
 Stab: Sleeping          ||     2
Armor: Robe              ||    24
Dodge: Dodged            ||    44

Table legend: (Time is in decaauts)
 A = Elapsed time spent in this place.
 B = Non-inter-level travel time spent in this place.
 C = Inter-level travel time spent in this place.
 D = Time resting spent in this place.
 E = Time spent auto-exploring this place.
 F = Levels seen in this place.
 G = Mean time per level.
                   A        B        C        D        E       F      G
               +--------+--------+--------+--------+--------+-----+--------+
         Total |   1006 |    979 |     27 |      0 |    827 |   2 |  503.0 |
       Dungeon |   1006 |    979 |     27 |      0 |    827 |   2 |  503.0 |
               +--------+--------+--------+--------+--------+-----+--------+

Top non-repeatable levels by time:
     D:1: 955 daAuts
     D:2: 50 daAuts
